Map: Rainfall LE

Players

Hardvision - Winner!

  • Race: Terran Terran
  • League: Grandmaster

fris

  • Race: Protoss Protoss

VOD

Have the link to the VOD?

Description

Time

  • Played on: June 25, 2026, 10:40 a.m.
  • Length: 4:11
Show
View Real Time Build Order
Export as new Build Order

Hardvision Terran - Winner!

Build Orders:  

Get SALT Encoding   

  8  0:00  SCV  
  9  0:12  SCV  
  10  0:24  SCV  
  10  0:27  Supply Depot  
  11  0:36  SCV  
  12  0:54  Barracks  
  12  1:10  Barracks  
  12  1:30  Barracks  
  12  1:33  SCV  
  13  1:41  Marine  
  14  1:57  Marine  
  14  1:58  Marine  
  16  2:09  Supply Depot  
  16  2:15  Marine  
  17  2:16  Marine x2  
  19  2:33  Bunker  
  19  2:36  Marine  
  20  2:42  Marine  
  20  2:47  Marine  
  21  3:01  Marine  
  21  3:04  Supply Depot  
  20  3:05  Marine  
  21  3:16  Marine  
  21  3:18  Marine  
  23  3:23  Marine  
  24  3:28  SCV  
  24  3:34  Marine  
  25  3:45  Supply Depot, Marine  
  25  3:46  Marine  
  27  3:52  Marine  
Show
View Real Time Build Order
Export as new Build Order

fris Protoss 

Build Orders:  

Get SALT Encoding   

  8  0:00  Probe  
  9  0:12  Probe (Chrono Boost)  
  10  0:24  Probe (Chrono Boost)  
  10  0:28  Pylon  
  11  0:31  Probe (Chrono Boost)  
  12  0:41  Probe  
  13  0:53  Gateway  
  13  0:57  Probe  
  14  1:09  Probe (Chrono Boost)  
  14  1:10  Assimilator  
  15  1:21  Probe (Chrono Boost)  
  16  1:28  Probe (Chrono Boost)  
  17  1:37  Probe  
  18  1:43  Cybernetics Core  
  18  1:49  Probe  
  19  1:57  Pylon  
  19  2:01  Probe  
  20  2:13  Probe  
  21  2:17  Adept (Chrono Boost), Gateway  
  23  2:29  Shield Battery  
  20  2:47  Adept  
  21  3:26  Pylon  
Tags
 
Add a new tag
Caveats
  • Supply blocks, unpowered buildings, or Contaminate may cause inaccurate times.
  • Supply counts are checked every 10 seconds.